AoeStats
← 27岁电竞老年人

African Clearing

510795323Analyzed
4v4 RM · 1d ago on Oct 2, 2026· 60m 10s· 8 players
Game mode
Random Map
Map size
Large (8 player)
Population
200
Speed
Normal
Resources
Standard
Victory
Conquest
Starting age
Dark Age
Ending age
Imperial Age
RankedLock teamsTeams togetherTeam positionsShared explorationLock speedFull tech treeHidden civsTurbo modeCheats
Victory
Defeat
🇨🇿 Japanese · Czechia
1249
+13
🇷🇺 Vietnamese · Russia
1183
+15
🇺🇦 Hindustanis · Ukraine
1179
+16
🇨🇦 Huns · Canada
1108
+19
🇭🇰 Japanese · Hong Kong SAR China
1258
-20
🇮🇳 Lithuanians · India
1197
-17
🇨🇳 Magyars · China
1142
-14
🇯🇵 Vietnamese · Japan
1085
-12
FredproQc69
3:20 Loom
13:52 Feudal Age
18:17 Castle Age
16:31 Double-Bit Axe
16:46 Horse Collar
17:47 Stone Mining
21:25 Heavy Plow
28:57 Fletching
29:07 Padded Archer Armor
30:09 Wheelbarrow
29:08 Elite Skirmisher
33:10 Ballistics
34:21 Thumb Ring
35:39 Bloodlines
35:30 Husbandry
35:34 Bodkin Arrow
36:17 Scale Barding Armor
36:47 Forging
41:39 Imperial Age
40:13 Marauders
42:00 Murder Holes
42:51 Conscription
43:06 Cavalier
43:40 Crossbowman
46:06 Chain Barding Armor
46:29 Iron Casting
45:55 Bracer
46:11 Leather Archer Armor
48:12 Chemistry
47:44 Paladin
49:10 Parthian Tactics
48:19 Heavy Cavalry Archer
49:57 Light Cavalry
55:22 Hussar
56:56 Plate Barding Armor
Just fun
4:06 Loom
14:03 Feudal Age
14:27 Man-at-Arms
15:27 Double-Bit Axe
23:21 Castle Age
21:51 Fletching
22:26 Horse Collar
23:26 Crossbowman
24:15 Bodkin Arrow
25:10 Padded Archer Armor
26:41 Heavy Plow
31:55 Leather Archer Armor
37:09 Wheelbarrow
41:54 Imperial Age
41:37 Thumb Ring
42:13 Arbalester
43:02 Bracer
43:33 Ring Archer Armor
45:31 Ballistics
46:12 Chemistry
46:12 Hand Cart
50:33 Scale Barding Armor
50:38 Forging
50:17 Onager
51:16 Light Cavalry
52:07 Bloodlines
51:57 Husbandry
51:31 Pikeman
52:11 Squires
52:27 Halberdier
59:02 Chain Barding Armor
59:18 Iron Casting
[-----3cm-----]
12:34 Loom
14:38 Feudal Age
20:31 Castle Age
18:33 Double-Bit Axe
18:30 Horse Collar
22:57 Fletching
23:49 Bow Saw
33:05 Imperial Age
30:52 Bodkin Arrow
32:00 Wheelbarrow
31:17 Town Watch
31:41 Padded Archer Armor
31:42 Gold Mining
32:58 Leather Archer Armor
33:18 Hand Cart
33:37 Ballistics
34:47 Thumb Ring
36:14 Two-Man Saw
37:52 Bracer
38:23 Ring Archer Armor
38:16 Paper Money
37:48 Elite Rattan Archer
40:19 Chemistry
39:01 Treadmill Crane
40:45 Capped Ram
42:09 Heavy Plow
42:22 Forging
42:08 Stone Mining
43:55 Town Patrol
44:52 Stone Shaft Mining
44:51 Crop Rotation
44:32 Siege Engineers
47:44 Chatras
47:27 Elite Battle Elephant
48:21 Husbandry
48:45 Bloodlines
49:33 Scale Barding Armor
51:13 Chain Barding Armor
51:37 Iron Casting
52:37 Plate Barding Armor
nikikiker
9:58 Loom
12:48 Feudal Age
14:54 Double-Bit Axe
16:01 Horse Collar
22:57 Castle Age
24:21 Bloodlines
24:34 Bow Saw
25:38 Scale Barding Armor
26:28 Forging
33:06 Chain Barding Armor
33:49 Heavy Plow
34:48 Elite Skirmisher
35:34 Thumb Ring
35:23 Fletching
36:31 Bodkin Arrow
36:37 Padded Archer Armor
38:25 Leather Archer Armor
40:08 Wheelbarrow
43:25 Imperial Age
42:38 Wheelbarrow
42:39 Gold Mining
42:39 Stone Mining
44:00 Ballistics
45:11 Chemistry
44:02 Imperial Skirmisher
47:14 Town Watch
47:45 Hand Cart
48:19 Siege Engineers
49:17 Gold Shaft Mining
49:17 Stone Shaft Mining
49:38 Ring Archer Armor
52:16 Plate Barding Armor
54:25 Iron Casting
53:47 Heavy Camel Rider
55:17 Masonry
55:48 Husbandry
57:19 Blast Furnace
55:45 Siege Elephant
57:02 Light Cavalry
57:40 Light Cavalry
58:34 Hussar
LIGHTYRIX
7:43 Loom
13:58 Feudal Age
15:00 Double-Bit Axe
23:29 Castle Age
22:25 Horse Collar
24:05 Gold Mining
25:45 Town Watch
26:18 Bow Saw
26:18 Heavy Plow
38:00 Imperial Age
36:17 Wheelbarrow
35:42 Stone Mining
39:00 Forging
38:55 Scale Barding Armor
39:06 Hand Cart
39:29 Stone Shaft Mining
38:30 Cavalier
39:25 Bloodlines
39:27 Husbandry
43:30 Iron Casting
43:52 Paladin
45:01 Chain Barding Armor
47:18 Light Cavalry
51:48 Winged Hussar
53:06 Plate Barding Armor
Fujiwara
5:34 Loom
16:17 Feudal Age
18:46 Fletching
22:56 Castle Age
22:23 Padded Archer Armor
23:47 Crossbowman
33:23 Wheelbarrow
33:57 Bodkin Arrow
40:15 Horse Collar
43:14 Heavy Plow
46:53 Hand Cart
51:52 Imperial Age
Inhalable Asacoco
12:54 Loom
15:37 Feudal Age
18:07 Double-Bit Axe
21:51 Castle Age
20:25 Scale Mail Armor
21:38 Forging
21:11 Horse Collar
21:53 Pikeman
23:10 Squires
23:26 Bow Saw
25:19 Chain Mail Armor
25:56 Squires
26:05 Squires
27:37 Wheelbarrow
27:03 Stone Mining
31:07 Iron Casting
31:21 Arson
32:00 Hand Cart
34:50 Fletching
36:02 Gold Mining
36:15 Heavy Plow
36:01 Town Watch
38:09 Gold Shaft Mining
40:51 Imperial Age
38:48 Bodkin Arrow
41:31 Yasama
41:01 Halberdier
42:04 Conscription
46:57 Two-Man Saw
47:02 Fortified Wall
46:47 Murder Holes
47:53 Chemistry
48:10 Plate Mail Armor
48:18 Guard Tower
49:15 Bracer
50:51 Keep
52:41 Blast Furnace
52:44 Arrowslits
27岁电竞老年人
14:01 Feudal Age
23:25 Castle Age
23:11 Double-Bit Axe
23:41 Fletching
24:35 Husbandry
24:16 Elite Skirmisher
25:26 Bodkin Arrow
27:04 Loom
27:16 Horse Collar
32:15 Thumb Ring
35:46 Gold Mining
40:58 Wheelbarrow
42:58 Padded Archer Armor
46:28 Imperial Age
47:29 Imperial Skirmisher
48:03 Onager
51:29 Ballistics
51:24 Pikeman
52:01 Halberdier
55:31 Hand Cart
55:54 Bracer
56:10 Leather Archer Armor
56:22 Conscription
56:45 Heavy Cavalry Archer
57:49 Elite Magyar Huszar
58:32 Corvinian Army
Connection lost

Rejoining the realm…

Still unreachable

The connection could not be restored.

Session expired

The server has moved on; the page needs a fresh start.